 Dungeon Crawl Stone Soup version 0.31-a0-233-g139696dc86 (webtiles) character file.

Game seed: 13611827441347645173

42 qw the Shooter (level 3, 0/21 HPs)
             Began as a Gargoyle Hexslinger on July 7, 2023.
             Slain by a gnoll
             ... wielding a +0 club
              (3 damage)
             ... on level 2 of the Dungeon.
             The game lasted 00:00:23 (1422 turns).

qw the Shooter (Gargoyle Hexslinger)                Turns: 1422, Time: 00:00:23

Health: 0/21       AC:  6    Str: 11    XL:     3   Next: 56%
Magic:  4/4        EV: 11    Int: 13    God:
Gold:   119        SH:  0    Dex: 14    Spells: 3/4 levels left

rFire   . . .        Y - +1 sling
rCold   . . .        (no shield)
rNeg    + . .        g - +0 leather armour
rPois   inf          (no helmet)
rElec   +            (no cloak)
rCorr   .            (no gloves)
SInv    .            (no boots)
Will    .....        (no amulet)
Stlth   +            (no ring)
HPRegen 0.23/turn    (no ring)
MPRegen 0.09/turn

%: no passive effects
@: no status effects
A: sickness immunity, AC +3, negative energy resistance 1, electricity
resistance, torment resistance 1, petrification resistance
a: no special abilities


You were on level 2 of the Dungeon.
You visited 1 branch of the dungeon, and saw 2 of its levels.

You collected 119 gold pieces.


Innate Abilities, Weirdness & Mutations

You are immune to sickness and miasma.
Your stone body is resilient. (AC +3)
You are immune to poison.
You resist negative energy. (rN+)
You are resistant to electric shocks. (rElec)
You are resistant to unholy torment.
You are immune to petrification.


   Skills:
 - Level 2.0 Fighting
 + Level 3.5 Ranged Weapons
 - Level 1.5 Dodging
 - Level 1.0 Spellcasting
 - Level 2.6 Hexes


You had 3 spell levels left.
You knew the following spells:

 Your Spells              Type           Power      Damage    Failure   Level
a - Slow                  Hex            28%        N/A       12%         1

Your spell library contained the following spells:

 Spells                   Type           Power      Damage    Failure   Level
 Inner Flame              Hex/Fire       4%         N/A       54%         3
 Portal Projectile        Hex/Tloc       8%         N/A       54%         3
 Cause Fear               Hex            3%         N/A       77%         4

Inventory:

Hand Weapons
 Y - a +1 sling (weapon)
Armour
 d - a +0 pair of boots
 g - a +0 leather armour (worn)
Jewellery
 h - the amulet "Qittix" {Reflect Rampage Regen+ Int+4 Dex-2 SH+5}
   (You found it on level 2 of the Dungeon)

   [amulet of reflection]

   It reflects blocked missile attacks.
   Int:       It affects your intelligence (+4).
   Dex:       It affects your dexterity (-2).
   Regen:     It increases your rate of health regeneration.
   SH:        It affects your SH (+5).
   Rampage:   It bestows one free step when moving towards enemies.
Scrolls
 a - a scroll of torment {unknown}
 b - 3 scrolls of identify
Potions
 c - a potion of lignification {unknown}
 e - 4 potions of curing {unknown}
 f - a potion of invisibility {unknown}
 i - a potion of magic {unknown}

Dungeon Overview and Level Annotations

Branches:
Dungeon (2/15)

Altars:


Message History

The ball python hisses angrily.
The gnoll shouts!
The sling bullet hits the gnoll but does no damage.
You hear an angry hiss.
The gnoll evades a web. x2
A frilled lizard comes into view.
You shoot a sling bullet. The sling bullet hits the gnoll.
The gnoll is moderately wounded.
You shoot a sling bullet.
The sling bullet closely misses the gnoll.
The sling bullet hits the gnoll.
The gnoll is lightly wounded.
You shoot a sling bullet. The sling bullet hits the gnoll.
The gnoll is severely wounded.
The gnoll hits you from afar with a +0 spear.
You shoot a sling bullet. The sling bullet hits the rat.
You kill the rat!
The gnoll closely misses you. The ball python closely misses you.
The ball python barely misses you. The gnoll barely misses you.
You shoot a sling bullet. The sling bullet hits the ball python.
The ball python is severely wounded.
The ball python bites you but does no damage.
The ball python grabs you. The ball python constricts you.
The gnoll barely misses you. The ball python closely misses you.
The ball python constricts you.
You shoot a sling bullet. The sling bullet hits the ball python.
You kill the ball python!
The gnoll hits you from afar with a +0 spear.
The gnoll hits you but does no damage.
You shoot a sling bullet.
The sling bullet hits the frilled lizard.
You kill the frilled lizard!
The gnoll closely misses you.
The gnoll hits you from afar with a +0 spear.
You shoot a sling bullet. The sling bullet hits the gnoll.
The gnoll is moderately wounded.
The gnoll barely misses you. The gnoll misses you.
The gnoll hits you with a +0 club. The gnoll hits you but does no damage.
The gnoll hits you from afar with a +0 spear.
The gnoll hits you with a +0 club.
You die...

#.# ##...## #.# #.
##.## #.. #.. #.# #.#
#... #.# #...# ## ##
#.# $._..##.# #. #.#
..^...##.#.#########.#
#.gg##.##.........#
#g.@#....#########
##..%.#### #....#
######


You could see 3 gnolls.

Vanquished Creatures
  An adder (D:2)
  A worm (D:2)
  3 ball pythons
  6 bats
  An endoplasm (D:1)
  4 goblins
  A hobgoblin (D:1)
  3 jackals (D:2)
  A quokka (D:1)
  2 frilled lizards
  A kobold (D:2)
  5 rats
29 creatures vanquished.

Notes
Turn   | Place    | Note
-------+----------+-------------------------------------------
     0 | D:1      | qw the Gargoyle Hexslinger began the quest for the Orb.
     0 | D:1      | Reached XP level 1. HP: 12/12 MP: 2/2
     0 | D:1      | 0 ||| qw: Version: 0.3-a-46-gb1f654a
     0 | D:1      | 0 ||| qw: Game counter: 3180
     0 | D:1      | 0 ||| qw: Melee chars always use a shield: true
     0 | D:1      | 0 ||| qw: God list: Okawaru
     0 | D:1      | 0 ||| qw: Allow faded altars: false
     0 | D:1      | 0 ||| qw: Do Orc after clearing Dungeon:15 true
     0 | D:1      | 0 ||| qw: Do second Lair branch before Depths: true
     0 | D:1      | 0 ||| qw: Lair rune preference: random
     0 | D:1      | 0 ||| qw: Goals: Normal
     0 | D:1      | 0 ||| PLANNING D:1-11
   430 | D:1      | Reached XP level 2. HP: 16/16 MP: 3/3
   601 | D:1      | Reached skill level 3 in Ranged Weapons
   792 | D:1      | 792 ||| UPGRADING to +0 leather armour.
   802 | D:1      | 802 ||| DROPPING +0 robe.
   803 | D:1      | 803 ||| READING scroll labelled FOVIAJ IL TEPN.
   804 | D:1      | 804 ||| READING scroll labelled GASSOA WEOHEAM.
   805 | D:1      | 805 ||| READING scroll labelled ETSEG FAWN.
   806 | D:1      | 806 ||| DROPPING scroll of poison.
   887 | D:2      | HP: 2/16 [worm (8)]
   888 | D:2      | Reached XP level 3. HP: 3/21 MP: 4/4
  1310 | D:2      | Identified the amulet "Qittix" {Reflect Rampage Regen+
                  | Int+4 Dex-2 SH+5}
  1411 | D:2      | Found a faded altar of an unknown god.
  1422 | D:2      | HP: 3/21 [gnoll/+0 spear (6)]
  1422 | D:2      | Slain by a gnoll

Levels and vault maps discovered:
D:1:      dpeg_arrival_rooms_a, layout_basic
D:2:      layout_loops_ring, hellmonk_ecumenical_altar_crossroads

Skill      XL: |  1  2 |
---------------+-------+-----
Ranged Weapons | 3 |  3.5
Fighting       | 2 |  2.0
Dodging        | |  1.5
Spellcasting   | |  1.0
Hexes          | |  2.6

Action                     || total
---------------------------++-------
   Fire: Sling             ||    85
    Use: Scroll            ||     3
 Armour: Robe              ||     4
         Leather armour    ||    17
  Dodge: Dodged            ||    31

Table legend:
 A = Non-vault XP
 B = Vault XP
 C = Vault XP percentage of total XP
 D = Non-vault monster count
 E = Vault monster count
 F = Vault count percentage of total count
                 A         B        C        D         E       F
            +---------+---------+-------+---------+---------+-------
      Total |      61 |       0 |   0.0 |      29 |       0 |   0.0
            +---------+---------+-------+---------+---------+-------
        D:1 |      20 |       0 |   0.0 |      12 |       0 |   0.0
        D:2 |      41 |       0 |   0.0 |      17 |       0 |   0.0
            +---------+---------+-------+---------+---------+-------
